 Dungeon Crawl Stone Soup version 0.19-a0-1002-g674d22e (webtiles) character file.

150 HAL9000 the Ruffian (level 5, 40/40 HPs)
             Began as a Draconian Transmuter on July 18, 2016.
             Quit the game on level 3 of the Dungeon.
             The game lasted 00:07:33 (2369 turns).

HAL9000 the Ruffian (Draconian Transmuter)          Turns: 2369, Time: 00:07:33

Health: 40/40      AC:  6    Str: 13    XL:     5   Next: 10%
Magic:  7/8        EV: 12    Int: 14    God:
Gold:   179        SH:  0    Dex: 11    Spells: 3 memorised, 2 levels left

rFire  . . .     SeeInvis +       - Unarmed
rCold  . . .     Gourm    .     (armour unavailable)
rNeg   . . .     Faith    .     (no shield)
rPois  .         Spirit   .     (helmet restricted)
rElec  .         Dismiss  .     (no cloak)
rCorr  .         Reflect  .     (no gloves)
SustAt .         Harm     .     h - +0 pair of boots
MR     .....                    (no amulet)
Stlth  +.........               u - ring of see invisible
                                o - ring of wizardry

@: appendage, not resistant to hostile enchantments, very unstealthy
A: unfitting armour, horns 2, cold-blooded, AC +5
a: End Transformation


You were on level 3 of the Dungeon.
You were not hungry.
You had grown temporary horns.
You visited 1 branch of the dungeon, and saw 3 of its levels.

You collected 179 gold pieces.

Inventory:

Missiles
 a - 63 arrows
Armour
 h - a +0 pair of boots (worn)
Jewellery
 o - a ring of wizardry (left hand)
 s - an uncursed ring of protection from fire {unknown}
 u - a ring of see invisible (right hand)
Scrolls
 d - a scroll of enchant armour {unknown}
 e - 3 scrolls of identify
 g - a scroll of random uselessness {unknown}
 k - 2 scrolls of immolation {unknown}
 m - 2 scrolls of noise {unknown}
 p - a scroll of enchant weapon {unknown}
 r - a scroll of remove curse {unknown}
Potions
 f - a potion of mutation {unknown}
 i - 4 potions of lignification
 j - a potion of brilliance {unknown}
 l - 2 potions of might {unknown}
 q - a potion of degeneration {unknown}
Books
 b - a book of Changes

   Spells                             Type                      Level
   a - Beastly Appendage              Transmutation                1
   b - Sticks to Snakes               Transmutation                2
   c - Spider Form                    Transmutation/Poison         3
   d - Ice Form                       Ice/Transmutation            4
   e - Blade Hands                    Transmutation                5
Comestibles
 c - 2 bread rations


   Skills:
 - Level 1.1 Fighting
 - Level 1.7 Dodging
 + Level 4.6 Unarmed Combat
 - Level 2.0 Spellcasting
 + Level 3.9 Transmutations


You had 2 spell levels left.
You knew the following spells:

 Your Spells              Type           Power        Failure   Level  Hunger
a - Beastly Appendage     Tmut           ##....       2%          1    ##.....
b - Sticks to Snakes      Tmut           ##......     4%          2    ###....
c - Spider Form           Tmut/Pois      #.........   16%         3    ####...


Dungeon Overview and Level Annotations

Branches:
Dungeon (3/15)

Altars:


Innate Abilities, Weirdness & Mutations

Your plain brown scales are hard. (AC +5)
Your body does not fit into most forms of armour.
You are cold-blooded and may be slowed by cold attacks.
You have a pair of horns on your head.


Message History

a - 63 arrows (gained 28)
c - 2 bread rations (gained 1)
You now have 179 gold pieces (gained 13).
A ball python comes into view.
The ball python moves out of view.
The ball python hisses angrily.
An orc comes into view. It is wielding a club.
The orc shouts!
The orc moves out of view.
Found 22 stones.
Casting: Beastly Appendage
Confirm with . or Enter, or press ? or * to list all spells.
You grow a pair of large bovine horns.
The ball python bites you but does no damage.
The ball python barely misses you.
You punch the ball python!
You kill the ball python!
No target in view!
No target in view!
Are you sure you want to abandon this character and quit the game? (Confirm with "yes".)

##. #...###. #####..
.....#.# #......
........ #.###.. ...
.#.### #.# ##. ..
.#..######.####. #.
#.#.#...........
#.###.#.#.####.####.
#..@................
#?###.########.####.
... ...# #.# #.
#........# #.# #.
..%.......# #.# #.
...........# #.#####
..........## ......
(.#....... ######
#######


There were no monsters in sight!

Vanquished Creatures
  Natasha (D:2)
  Robin (D:2)
  An ooze (D:1)
  2 dart slugs (D:1)
  6 bats
  4 giant cockroaches
  8 goblins
  11 hobgoblins
  3 jackals (D:2)
  A ball python (D:3)
  6 giant newts
  10 kobolds
  5 rats
59 creatures vanquished.

Vanquished Creatures (collateral kills)
  Natasha (twice) (D:2)
  2 giant geckos (D:2)
  3 goblins (D:2)
  A hobgoblin (D:2)
8 creatures vanquished.

Grand Total: 67 creatures vanquished

Notes
Turn   | Place    | Note
-------+----------+-------------------------------------------
     0 | D:1      | HAL9000 the Draconian Transmuter began the quest for the Orb.
     0 | D:1      | Reached XP level 1. HP: 16/16 MP: 3/3
   220 | D:1      | Reached XP level 2. HP: 23/23 MP: 3/5
   495 | D:1      | Reached XP level 3. HP: 23/28 MP: 4/6
   997 | D:2      | Noticed Natasha
  1008 | D:2      | Killed Natasha
  1018 | D:2      | Learned a level 2 spell: Sticks to Snakes
  1024 | D:2      | Reached skill level 4 in Unarmed Combat
  1141 | D:2      | Noticed Natasha
  1170 | D:2      | Killed Natasha
  1170 | D:2      | Reached XP level 4. HP: 5/35 MP: 1/7
  1472 | D:2      | Noticed Robin
  1575 | D:2      | Noticed Natasha
  1584 | D:2      | Killed Natasha
  1588 | D:2      | Killed Robin
  1897 | D:2      | Reached XP level 5. HP: 39/40 MP: 6/8
  1992 | D:2      | Learned a level 3 spell: Spider Form
  2369 | D:3      | Quit the game

Vault maps used:
D:1:      kilobyte_arrival_exit_the_forest, serial_forest,
          infiniplex_forest_lined_3, infiniplex_forest_lined_2,
          infiniplex_forest_lined_room_3, infiniplex_forest_clump_cross,
          infiniplex_forest_clump_double, infiniplex_forest_clump_long,
          minmay_misc_feat_ornament, minmay_crystal_room
D:2:      uniq_robin, uniq_natasha
D:3:      first_bread, makhleb_altar_promises_db

Skill      XL: |  1  2  3 |
---------------+----------+-----
Transmutations | 3 |  3.9
Unarmed Combat | 4 |  4.6
Fighting       | |  1.1
Dodging        | |  1.7
Spellcasting   | |  2.0

Action                   |  1- 3 |  4- 6 || total
-------------------------+-------+-------++-------
Melee: Unarmed           |   101 |    61 ||   162
       Tailslap          |    11 |     5 ||    16
       Headbutt          |    12 |     8 ||    20
       Punch             |       |     2 ||     2
 Cast: Beastly Appendage |    21 |    12 ||    33
       Sticks to Snakes  |     4 |     6 ||    10
  Use: Scroll            |       |     1 ||     1
  Eat: Chunk             |     1 |     5 ||     6
Armor: Skin              |    42 |    17 ||    59
Dodge: Dodged            |    58 |    49 ||   107
